Map: Rhoskallian EE

Players

MrFercho

  • Race: Zerg Zerg
  • Spawn Location: 11:00

TATORREA

  • Race: Protoss Protoss
  • League: Silver
  • Spawn Location: 12:00

raynorlou - Winner!

  • Race: Protoss Protoss
  • Spawn Location: 6:00

gffdgdf - Winner!

  • Race: Protoss Protoss
  • Spawn Location: 5:00

VOD

Have the link to the VOD?

Description

Time

  • Played on: June 11, 2020, 8:01 p.m.
  • Length: 12:13
Show
View Real Time Build Order
Export as new Build Order

MrFercho Zerg 

Build Orders: Hatch First 

Get SALT Encoding   

  12  0:01  Drone  
  13  0:13  Overlord  
  13  0:26  Drone  
  14  0:31  Drone x2  
  16  0:46  Drone  
  17  1:06  Drone x2  
  17  1:11  Hatchery, Drone  
  19  1:15  Extractor  
  18  1:23  Spawning Pool  
  17  1:28  Overlord  
  17  1:31  Drone  
  18  1:45  Drone  
  19  1:55  Drone  
  20  2:03  Drone  
  21  2:16  Roach Warren  
  20  2:26  Drone x3  
  20  2:27  Queen x2  
  27  2:33  Drone  
  27  2:35  Drone  
  29  2:44  Drone  
  29  2:48  Drone  
  31  2:59  Drone x2  
  33  3:07  Queen  
  33  3:10  Lair  
  35  3:15  Overlord x2  
  35  3:22  Evolution Chamber  
  34  3:28  Extractor  
  34  3:30  Extractor, Drone x3  
  35  3:34  Drone  
  38  3:41  Roach x5  
  46  4:03  Drone  
  46  4:04  Roach  
  46  4:05  Roach  
  46  4:06  Overlord x2  
  48  4:19  Spine Crawler  
  47  4:42  Zerg Missile Weapons Level 1  
  47  4:43  Glial Reconstitution  
  47  4:49  Spore Crawler  
  46  4:54  Spine Crawler  
  46  4:55  Drone x2  
  46  4:57  Drone x6  
  46  4:58  Drone x2  
  55  5:20  Hydralisk Den  
  54  5:28  Drone x8  
  62  5:45  Spore Crawler  
  61  5:54  Overlord x3  
  61  5:55  Overlord  
  61  6:00  Grooved Spines  
  61  6:09  Evolution Chamber  
  60  6:47  Extractor  
  59  6:48  Drone x3  
  59  6:51  Drone x12  
  59  6:52  Drone x3  
  59  6:54  Hatchery  
  76  7:10  Infestation Pit  
  76  7:11  Muscular Augments  
  76  7:13  Overseer  
  75  7:20  Drone  
  75  7:21  Drone x5  
  81  7:48  Hydralisk  
  81  7:49  Hydralisk x4  
  91  7:52  Overlord  
  91  7:59  Hive  
  91  8:09  Hatchery  
  90  8:16  Drone x4  
  90  8:17  Drone x4  
  98  8:25  Extractor  
  97  8:27  Extractor  
  97  8:34  Drone x8  
  104  8:55  Hatchery  
  104  9:02  Extractor  
  102  9:03  Spine Crawler x2  
  102  9:04  Extractor  
  99  9:17  Hydralisk x3  
  99  9:19  Overlord x2  
  99  9:20  Overlord x4  
  105  9:36  Hydralisk  
  105  9:37  Hydralisk x8  
  101  9:49  Spine Crawler  
  98  9:53  Spine Crawler  
  98  9:55  Hydralisk x7  
  98  10:13  Hydralisk  
  98  10:14  Hydralisk x5  
  81  10:36  Hydralisk  
  81  10:37  Hydralisk x10  
  88  10:52  Hydralisk  
  88  10:53  Hydralisk x5  
  79  11:13  Hydralisk  
  79  11:14  Hydralisk x3  
  76  11:28  Hydralisk x2  
  73  11:48  Hydralisk x4  
Show
View Real Time Build Order
Export as new Build Order

TATORREA Protoss 

Build Orders:  

Get SALT Encoding   

  12  0:02  Probe  
  14  0:14  Probe  
  14  0:21  Pylon  
  14  0:26  Probe  
  15  0:39  Probe  
  16  0:48  Gateway  
  16  0:55  Gateway  
  16  0:57  Probe  
  17  1:09  Probe  
  17  1:10  Assimilator  
  18  1:21  Probe  
  19  1:33  Pylon, Probe  
  19  1:38  Assimilator  
  20  1:42  Zealot  
  20  1:45  Probe  
  23  2:14  Probe  
  25  2:30  Probe  
  25  2:54  Nexus  
  25  2:57  Probe  
  25  2:58  Cybernetics Core  
  26  2:59  Pylon  
  26  3:09  Probe  
  27  3:13  Zealot  
  27  3:19  Warp Gate  
  29  3:21  Probe  
  30  3:33  Stalker, Probe  
  31  3:36  Stalker  
  35  3:51  Probe  
  36  4:00  Twilight Council  
  36  4:02  Robotics Facility  
  36  4:04  Probe  
  37  4:16  Probe  
  38  4:30  Probe x2  
  40  4:39  Pylon  
  40  4:43  Pylon, Probe  
  40  4:44  Probe  
  42  4:48  Stargate  
  42  4:49  Assimilator  
  42  4:51  Stargate  
  42  4:56  Probe x2  
  44  5:10  Probe x2  
  44  5:12  Pylon  
  38  5:20  Charge  
  38  5:22  Probe x2  
  38  5:26  Oracle, Warp Prism  
  38  5:27  Oracle  
  42  5:41  Probe  
  42  5:42  Probe  
  50  5:57  Probe  
  50  5:58  Probe  
  50  6:02  Gateway  
  50  6:03  Assimilator  
  52  6:04  Gateway  
  52  6:06  Gateway  
  52  6:08  Gateway  
  52  6:24  Nexus  
  52  6:34  Probe x2  
  52  6:38  Void Ray x2  
  62  6:48  Zealot  
  62  6:49  Zealot  
  66  6:59  Zealot  
  68  7:01  Zealot  
  68  7:02  Zealot  
  56  7:40  Zealot x2  
  56  7:41  Zealot x3  
  56  7:43  Zealot  
  68  7:46  Probe x3  
  71  7:53  Void Ray x2  
  71  7:57  Immortal  
  83  8:04  Zealot x2  
  71  8:27  Stalker x2  
  71  8:28  Stalker x4  
  71  8:33  Probe x3  
  86  8:36  Void Ray  
  86  8:40  Pylon  
  90  8:42  Pylon  
  90  8:46  Pylon  
  90  8:50  Void Ray  
  73  9:25  Zealot  
  73  9:26  Zealot x5  
  62  9:50  Stalker x3  
  62  9:51  Stalker x3  
  42  10:11  Void Ray x2  
  50  10:15  Stalker x2  
  50  10:16  Stalker  
  50  10:18  Stalker  
  50  10:44  Zealot x2  
  50  10:45  Zealot x2  
Show
View Real Time Build Order
Export as new Build Order

raynorlou Protoss - Winner!

Build Orders: 1 Gate Expand 

Get SALT Encoding   

  12  0:01  Probe  
  13  0:16  Probe  
  13  0:20  Pylon  
  14  0:40  Gateway  
  14  0:43  Probe  
  15  0:55  Probe  
  15  0:56  Assimilator  
  16  1:07  Probe  
  17  1:21  Nexus  
  17  1:26  Probe  
  18  1:38  Probe  
  19  1:43  Cybernetics Core  
  19  1:49  Pylon  
  19  2:01  Probe  
  20  2:03  Assimilator  
  20  2:07  Warp Gate  
  20  2:14  Gateway  
  20  2:18  Pylon  
  20  2:20  Probe  
  21  2:32  Probe  
  22  2:41  Twilight Council  
  22  2:43  Adept  
  22  2:44  Probe  
  23  2:58  Probe  
  26  3:02  Probe  
  27  3:08  Stalker  
  29  3:19  Probe  
  30  3:20  Pylon  
  30  3:26  Probe  
  31  3:31  Probe  
  32  3:38  Robotics Facility  
  32  3:44  Probe x2  
  34  3:57  Gateway  
  34  4:15  Probe x2  
  34  4:26  Robotics Facility  
  34  4:31  Assimilator, Pylon  
  34  4:35  Probe  
  34  4:36  Assimilator, Probe  
  36  4:42  Adept x2  
  40  4:46  Resonating Glaives  
  40  4:48  Probe x2  
  40  4:52  Pylon  
  42  4:58  Forge  
  42  5:00  Stalker  
  44  5:16  Shield Battery  
  44  5:17  Shield Battery  
  44  5:19  Shield Battery  
  44  5:20  Pylon  
  44  5:22  Probe x2  
  44  5:25  Observer  
  47  5:30  Immortal  
  47  5:34  Probe  
  52  5:51  Probe x2  
  54  6:00  Immortal  
  58  6:04  Robotics Bay  
  58  6:06  Gateway  
  58  6:14  Gateway  
  58  6:16  Gateway  
  58  6:17  Blink  
  58  6:21  Adept x3  
  64  6:28  Probe  
  64  6:32  Probe  
  66  6:39  Observer  
  67  6:40  Probe  
  67  6:44  Probe  
  69  6:51  Stargate  
  69  6:52  Probe  
  69  7:19  Stalker  
  69  7:20  Stalker x3  
  77  7:24  Disruptor  
  80  7:30  Nexus  
  80  7:32  Immortal  
  80  7:33  Pylon  
  80  7:35  Sentry  
  86  7:46  Pylon  
  86  7:48  Pylon  
  86  7:51  Oracle  
  89  7:56  Templar Archives  
  89  7:57  Sentry x2  
  93  8:03  Pylon  
  93  8:05  Pylon  
  93  8:27  Immortal  
  93  8:28  Disruptor  
  93  8:31  Stalker, Shield Battery  
  93  8:33  Shield Battery  
  93  8:34  Pylon  
  102  8:44  Pylon  
  99  9:15  Stalker x4  
  101  9:25  Immortal, Disruptor  
  93  9:59  Adept x4  
  101  10:00  Adept x2  
  101  10:01  Warp Prism  
  100  10:19  Immortal  
  102  10:37  Immortal  
  105  11:16  High Templar  
  105  11:17  High Templar x3  
  111  11:21  Archon  
  111  11:22  Archon  
  111  11:23  High Templar x2  
  115  11:27  Archon  
  91  11:57  High Templar x4  
  88  12:01  Archon  
  88  12:02  Archon  
Show
View Real Time Build Order
Export as new Build Order

gffdgdf Protoss - Winner!

Build Orders: Zealot Archon 

Get SALT Encoding   

  12  0:01  Probe  
  13  0:16  Pylon  
  13  0:21  Probe  
  14  0:34  Probe  
  15  0:38  Gateway  
  15  0:45  Assimilator  
  15  0:50  Probe  
  16  0:58  Probe  
  17  1:06  Probe  
  18  1:18  Probe  
  19  1:30  Probe  
  20  1:42  Probe  
  20  1:45  Nexus  
  21  2:05  Assimilator  
  20  2:26  Cybernetics Core  
  20  2:27  Zealot  
  20  2:28  Gateway  
  22  2:30  Pylon  
  22  2:40  Probe  
  23  2:52  Gateway, Probe  
  24  2:59  Probe  
  24  3:02  Warp Gate  
  24  3:04  Probe  
  26  3:07  Probe  
  26  3:10  Forge  
  27  3:15  Stalker  
  27  3:17  Probe  
  30  3:23  Probe  
  31  3:29  Probe  
  32  3:35  Probe  
  32  3:41  Pylon, Probe  
  34  3:47  Robotics Facility  
  34  3:53  Pylon, Probe  
  35  4:00  Assimilator  
  35  4:02  Adept, Pylon  
  35  4:05  Probe  
  38  4:17  Robotics Facility, Probe  
  38  4:18  Protoss Ground Weapons Level 1  
  38  4:20  Adept  
  41  4:35  Gateway  
  41  4:40  Pylon, Probe  
  41  4:43  Pylon  
  43  4:45  Probe  
  43  4:48  Probe  
  44  4:56  Twilight Council, Probe  
  45  5:08  Probe  
  46  5:19  Assimilator  
  46  5:20  Probe  
  47  5:25  Photon Cannon  
  47  5:26  Photon Cannon  
  47  5:30  Pylon  
  47  5:33  Probe  
  48  5:39  Blink  
  48  5:41  Stalker  
  50  5:45  Immortal  
  50  5:46  Immortal  
  58  5:56  Gateway  
  58  6:01  Pylon  
  58  6:03  Probe  
  59  6:13  Templar Archives  
  59  6:15  Probe  
  59  6:16  Photon Cannon  
  60  6:21  Stalker  
  60  6:22  Stalker  
  64  6:27  Probe  
  65  6:46  Adept  
  65  6:47  Adept  
  69  6:49  Nexus  
  69  6:52  High Templar  
  69  6:54  High Templar  
  65  7:21  Stalker  
  65  7:22  Stalker x2  
  66  7:27  Probe  
  64  7:35  Probe  
  64  7:36  Probe  
  67  7:44  Probe  
  67  7:45  Probe  
  67  7:47  Archon  
  67  7:51  High Templar x2  
  71  7:52  Probe, High Templar  
  71  7:57  Probe  
  77  8:04  Probe  
  78  8:09  Probe  
  79  8:16  Probe  
  78  8:21  Probe, Archon  
  79  8:29  Probe  
  79  8:33  Probe  
  81  8:39  Photon Cannon  
  81  8:41  Probe  
  82  8:42  Photon Cannon  
  82  8:44  Photon Cannon  
  82  8:45  Probe  
  83  8:50  Photon Cannon  
  83  8:52  Pylon, Probe x2  
  85  9:00  Probe  
  85  9:04  Probe  
  85  9:08  Probe  
  87  9:11  Stalker  
  87  9:12  Stalker x2  
  87  9:13  Stalker  
  96  9:19  Probe  
  97  9:28  Gateway  
  93  9:31  Gateway, Probe  
  93  9:38  Gateway  
  94  10:06  Warp Prism  
  88  10:51  Immortal  
  88  10:52  Immortal  
  88  10:54  High Templar x4  
  88  10:55  High Templar  
  88  10:56  High Templar  
  88  10:57  High Templar  
  110  11:02  Archon  
  110  11:03  Archon x2  
  110  11:24  High Templar  
  112  11:31  Archon  
  112  11:48  High Templar x3  
  112  11:49  High Templar  
  118  11:55  Archon x2  
Tags
 
Add a new tag
Caveats
  • Supply blocks, unpowered buildings, or Contaminate may cause inaccurate times.
  • Supply counts are checked every 10 seconds.